[Event "ICC tourney 1983 (45 10)"]
[Site "Internet Chess Club"]
[Date "2020.08.29"]
[Round "4"]
[White "danaglin"]
[Black "jairam09"]
[Result "1-0"]
[ICCResult "Black resigns"]
[WhiteElo "1663"]
[BlackElo "1829"]
[Opening "Caro-Kann: exchange, Rubinstein variation"]
[ECO "B13"]
[NIC "CK.02"]
[Time "18:31:40"]
[TimeControl "2700+10"]

1. e4 c6 2. d4 d5 3. exd5 cxd5 4. Bd3 Nc6 5. c3 Nf6 6. Bf4 g6 7. Nd2 Bg7 8.
Ngf3 Bf5 9. Bxf5 gxf5 10. h3 e6 11. Qe2 Qe7 12. Nb3 Ne4 13. g4 fxg4 14. hxg4
a6 15. Nbd2 Nxd2 16. Qxd2 b5 17. a4 b4 18. Rc1 bxc3 19. Rxc3 Rc8 20. Qc2 Qb7
21. b3 h6 22. Ne5 Na7 23. Rxc8+ Nxc8 24. Qc6+ Qxc6 25. Nxc6 Kd7 26. Ne5+ Ke7
27. Ke2 Nd6 28. f3 Rb8 29. Nc6+ Kd7 30. Nxb8+ Kc7 31. Nxa6+ {Black resigns}
1-0

[Event "ICC tourney 1983 (45 10)"]
[Site "Internet Chess Club"]
[Date "2020.08.29"]
[Round "4"]
[White "WR3311"]
[Black "imranchamp"]
[Result "0-1"]
[ICCResult "White checkmated"]
[WhiteElo "1833"]
[BlackElo "1687"]
[Opening "English: symmetrical, main line with d4"]
[ECO "A39"]
[NIC "EO.26"]
[Time "18:31:57"]
[TimeControl "2700+10"]

1. c4 Nf6 2. g3 g6 3. Bg2 Bg7 4. Nc3 O-O 5. Nf3 c5 6. O-O Nc6 7. d4 cxd4 8.
Nxd4 d6 9. Nxc6 bxc6 10. Bxc6 Rb8 11. b3 Bh3 12. Re1 Ng4 13. Qd3 Qb6 14. Bb5
Qxf2+ 15. Kh1 Qxh2# {White checkmated} 0-1

[Event "ICC tourney 1983 (45 10)"]
[Site "Internet Chess Club"]
[Date "2020.08.29"]
[Round "4"]
[White "chesslin"]
[Black "Torsten936"]
[Result "0-1"]
[ICCResult "White resigns"]
[WhiteElo "1943"]
[BlackElo "1771"]
[Opening "Queen's pawn: London system"]
[ECO "A45"]
[NIC "QP.07"]
[Time "18:31:44"]
[TimeControl "2700+10"]

1. d4 Nf6 2. Bf4 d5 3. e3 c5 4. c3 Nc6 5. Bd3 Qb6 6. Qe2 c4 7. Bxc4 dxc4 8.
Nf3 Bg4 9. h3 Bxf3 10. gxf3 e6 11. O-O Qa6 12. Nd2 b5 13. e4 Be7 14. a4 Na5
15. b4 Nb7 16. axb5 Qxb5 17. Rfb1 O-O 18. Ra2 Bd6 19. Bxd6 Nxd6 20. e5 Nd5
21. Ra5 Qd7 22. exd6 Nxc3 23. Qe5 Nxb1 24. Nxb1 f6 25. Qg3 Rfd8 26. Nc3 Qxd6
27. Qg4 f5 28. Qg3 Qxg3+ 29. fxg3 Rxd4 30. Rc5 {White resigns} 0-1

[Event "ICC tourney 1983 (45 10)"]
[Site "Internet Chess Club"]
[Date "2020.08.29"]
[Round "4"]
[White "rkanury1"]
[Black "orwind"]
[Result "1-0"]
[ICCResult "Black resigns"]
[WhiteElo "1727"]
[BlackElo "1297"]
[Opening "Giuoco Pianissimo"]
[ECO "C50"]
[NIC "IG.02"]
[Time "18:31:48"]
[TimeControl "2700+10"]

1. e4 e5 2. Nf3 Nc6 3. Bc4 Bc5 4. d3 h6 5. c3 d6 6. Bb3 Nf6 7. O-O Bg4 8. h3
Bh5 9. Nbd2 O-O 10. Re1 Nh7 11. Nf1 Qf6 12. Ng3 Bxf3 13. Qxf3 Qxf3 14. gxf3
Ne7 15. f4 Ng6 16. f5 Nf4 17. Bxf4 exf4 18. Nh5 Ng5 19. Kg2 f3+ 20. Kg3 Kh8
21. d4 Bb6 22. h4 g6 23. Nf4 Nh7 24. fxg6 Nf6 25. gxf7 Kh7 26. Kxf3 h5 27.
Ne6 Rxf7 28. Ng5+ Kg7 29. Nxf7 {Black resigns} 1-0

[Event "ICC tourney 1983 (45 10)"]
[Site "Internet Chess Club"]
[Date "2020.08.29"]
[Round "4"]
[White "DLWarrior"]
[Black "Jonjons"]
[Result "1-0"]
[ICCResult "Black resigns"]
[WhiteElo "1891"]
[BlackElo "1716"]
[Opening "Queen's bishop game"]
[ECO "D00"]
[NIC "QP.08"]
[Time "18:31:51"]
[TimeControl "2700+10"]

1. d4 d5 2. Bf4 Nf6 3. Nf3 c5 4. e3 Nc6 5. Nbd2 e6 6. Be2 Bd6 7. Bg3 O-O 8.
O-O b6 9. Ne5 Bb7 10. c3 Ne7 11. Bd3 Nf5 12. Bf4 Be7 13. Qf3 Nd6 14. Qh3
Nde4 15. Rfd1 cxd4 16. exd4 Nxd2 17. Rxd2 Ne4 18. f3 Bg5 19. g3 Bxf4 20.
gxf4 Nf6 21. Rg2 g6 22. Qh6 Ne4 23. fxe4 dxe4 24. Be2 e3 25. Rg3 Be4 26. Rh3
{Black resigns}
1-0

[Event "ICC tourney 1983 (45 10)"]
[Site "Internet Chess Club"]
[Date "2020.08.29"]
[Round "4"]
[White "chessboy2020"]
[Black "SparkyNinja"]
[Result "1/2-1/2"]
[ICCResult "Game drawn by mutual agreement"]
[WhiteElo "1458"]
[BlackElo "1357"]
[Opening "Sicilian: Najdorf, Byrne (English) attack"]
[ECO "B90"]
[NIC "SI.14"]
[Time "18:31:50"]
[TimeControl "2700+10"]

1. e4 c5 2. Nf3 d6 3. d4 cxd4 4. Nxd4 Nf6 5. Nc3 a6 6. Be3 e5 7. Nb3 Be6 8.
f3 Be7 9. Qd2 O-O 10. O-O-O Nbd7 11. g4 b5 12. g5 b4 13. Ne2 Ne8 14. h4 a5
15. Kb1 a4 16. Nbc1 b3 17. cxb3 axb3 18. Nxb3 Rxa2 19. Kxa2 Qa8+ 20. Kb1
Bxb3 21. Nc3 Nc7 22. Bd3 d5 23. exd5 Nxd5 24. Nxd5 Qa2+ 25. Kc1 Rc8+ 26. Nc3
Qa1+ 27. Bb1 Ba3 28. Rh2 Bxb2+ 29. Qxb2 Rxc3+ 30. Rc2 Rxc2+ 31. Qxc2 Bxc2
32. Kxc2 Qa4+ {Game drawn by mutual agreement} 1/2-1/2

[Event "ICC tourney 1983 (45 10)"]
[Site "Internet Chess Club"]
[Date "2020.08.29"]
[Round "4"]
[White "Niteshc"]
[Black "Ryan123455"]
[Result "1-0"]
[ICCResult "Black resigns"]
[WhiteElo "1583"]
[BlackElo "1670"]
[Opening "Sicilian: Smith-Morra gambit"]
[ECO "B21"]
[NIC "SI.48"]
[Time "18:31:41"]
[TimeControl "2700+10"]

1. e4 c5 2. d4 cxd4 3. c3 dxc3 4. Nxc3 Nc6 5. Nf3 d6 6. Bc4 Nf6 7. O-O e6 8.
Qe2 Be7 9. Rd1 Nd7 10. Nb5 Nb6 11. Bf4 e5 12. Nxe5 O-O 13. Nxc6 bxc6 14.
Nxd6 Qc7 15. g3 Nxc4 16. Qxc4 Qb6 17. Nxc8 Raxc8 18. b3 Rfd8 19. Be3 Qb7 20.
Bc5 Bxc5 21. Qxc5 h6 22. Rac1 Re8 23. f3 Qa6 24. Rd2 Qb6 25. Qxb6 axb6 26.
Rd6 Re6 27. Rxe6 fxe6 28. Rd1 Kf7 29. Rd7+ Kf6 30. Kf2 Ra8 31. a4 Ra5 32.
Rb7 Ra6 33. Rc7 c5 34. Ke3 Ke5 35. Kd3 g5 36. h3 h5 37. Rh7 g4 38. Rxh5+ Kf6
39. hxg4 Ra8 40. Rh6+ Kf7 41. Rh7+ Kf6 42. Rb7 Ra6 43. Kc4 Ke5 44. Kb5 Ra8
45. Rxb6 Rd8 46. Kxc5 Rc8+ 47. Rc6 Rxc6+ 48. Kxc6 Kd4 49. a5 Ke3 50. Kd6
Kxf3 51. Kxe6 Kxe4 52. a6 {Black resigns} 1-0

[Event "ICC tourney 1983 (45 10)"]
[Site "Internet Chess Club"]
[Date "2020.08.29"]
[Round "4"]
[White "marinaxiao"]
[Black "SGOLD9367"]
[Result "1/2-1/2"]
[ICCResult "Game drawn by repetition"]
[WhiteElo "1400"]
[BlackElo "1561"]
[Opening "Giuoco Piano"]
[ECO "C53"]
[NIC "IG.02"]
[Time "18:37:09"]
[TimeControl "2700+10"]

1. e4 e5 2. Nf3 Nc6 3. Bc4 Bc5 4. c3 a6 5. d4 exd4 6. cxd4 Bb4+ 7. Bd2 Bxd2+
8. Nbxd2 d6 9. Qb3 Qe7 10. O-O Bd7 11. Qxb7 Ra7 12. Qb3 Na5 13. Qc3 Nxc4 14.
Nxc4 Nf6 15. Ncd2 O-O 16. Rfe1 h6 17. Rad1 Bb5 18. Qa3 Re8 19. e5 dxe5 20.
Qxe7 Rxe7 21. Rxe5 c6 22. Rxe7 Rxe7 23. Ne5 Nd5 24. f3 Nf4 25. Nb3 Ne2+ 26.
Kf2 Nxd4 27. Nxd4 Rxe5 28. Nxb5 axb5 29. Re1 Rxe1 30. Kxe1 f6 31. Kd2 Kf7
32. Kc3 Ke6 33. Kd4 Kd6 34. b4 g6 35. g3 h5 36. h3 Kc7 37. Kc5 Kd7 38. Kb6
Kd6 39. f4 Kd5 40. a3 Kd6 41. Ka5 Kc7 42. Ka6 Kd6 43. Ka5 Kc7 44. Ka6 Kd6
45. Ka5 Kc7 46. Ka6 Kd6 47. Ka5 {Game drawn by repetition} 1/2-1/2

[Event "ICC tourney 1983 (45 10)"]
[Site "Internet Chess Club"]
[Date "2020.08.29"]
[Round "4"]
[White "omegablitz"]
[Black "goodcrowdchess"]
[Result "0-1"]
[ICCResult "White resigns"]
[WhiteElo "1723"]
[BlackElo "1628"]
[Opening "QGD Slav defense: exchange variation"]
[ECO "D10"]
[NIC "SL.01"]
[Time "18:31:57"]
[TimeControl "2700+10"]

1. d4 d5 2. c4 c6 3. cxd5 cxd5 4. Nc3 Nc6 5. Bf4 a6 6. e3 Bf5 7. a3 e6 8.
Nf3 Nf6 9. Be2 Be7 10. O-O O-O 11. Rc1 Rc8 12. h3 h6 13. Bd3 Bxd3 14. Qxd3
Na5 15. Ne5 Bd6 16. b4 Nc4 17. Nxc4 dxc4 18. Qd2 Bxf4 19. exf4 Nd5 20. g3
Qd7 21. Rfd1 Rfd8 22. Nxd5 Qxd5 23. Qc3 Rc7 24. Rc2 b5 25. Re2 Qh5 26. g4
Qg6 27. Re5 Rcd7 28. Kh2 Qf6 29. Qe3 Rd5 30. g5 hxg5 31. fxg5 Qg6 32. Rd2
Rxe5 33. Qxe5 Rd5 34. Qb8+ Kh7 35. f4 Qe4 36. Qc7 Rf5 37. Rf2 Qxd4 38. h4
Qxf2+ {White resigns} 0-1

[Event "ICC tourney 1983 (45 10)"]
[Site "Internet Chess Club"]
[Date "2020.08.29"]
[Round "4"]
[White "sanjayselvam"]
[Black "rpughiii"]
[Result "1-0"]
[ICCResult "Black resigns"]
[WhiteElo "1936"]
[BlackElo "1652"]
[Opening "Queen's bishop game"]
[ECO "D02"]
[NIC "QP.06"]
[Time "18:32:32"]
[TimeControl "2700+10"]

1. d4 Nf6 2. Nf3 d5 3. Bf4 e6 4. e3 Be7 5. c3 O-O 6. Bd3 c5 7. Nbd2 b6 8. e4
dxe4 9. Nxe4 Bb7 10. Qe2 cxd4 11. Nxd4 Nc6 12. Nxc6 Bxc6 13. Rd1 Nxe4 14.
Bxe4 Qc8 15. Qf3 Bxe4 16. Qxe4 Re8 17. O-O Bf6 18. Rd2 e5 19. Bg3 Bg5 20.
Re2 Kh8 21. Rfe1 f5 22. Qd5 f4 23. Rxe5 Rxe5 24. Qxe5 fxg3 25. Qxg5 gxf2+
26. Kxf2 Qf8+ 27. Kg1 Re8 28. Rf1 Qd6 29. Qf5 h6 30. h3 Re5 31. Qf8+ Qxf8
32. Rxf8+ Kh7 33. Rf7 Ra5 34. a3 Kg6 35. Rd7 Rb5 36. b4 a5 37. Rd6+ Kf5 38.
c4 Re5 39. Rxb6 axb4 40. axb4 {Black resigns} 1-0

[Event "ICC tourney 1983 (45 10)"]
[Site "Internet Chess Club"]
[Date "2020.08.29"]
[Round "4"]
[White "Samuel-Colt"]
[Black "HarleyQueen8"]
[Result "0-1"]
[ICCResult "White resigns"]
[WhiteElo "1774"]
[BlackElo "1733"]
[Opening "Catalan: closed"]
[ECO "E01"]
[NIC "CA.01"]
[Time "18:31:42"]
[TimeControl "2700+10"]

1. d4 Nf6 2. c4 e6 3. g3 d5 4. Bg2 Nbd7 5. Nd2 Be7 6. Ngf3 O-O 7. O-O b6 8.
Qc2 Bb7 9. Re1 c5 10. cxd5 exd5 11. b3 Rc8 12. dxc5 bxc5 13. Bb2 Qb6 14. Qf5
Rfd8 15. Rab1 d4 16. Nc4 Qc7 17. Bc1 Be4 18. Bf4 Bxf5 19. Bxc7 Rxc7 20. Rbc1
Be6 21. Nfd2 Bd5 22. e4 dxe3 23. Nxe3 Bxg2 24. Kxg2 Ne5 25. Ndc4 Nd3
{White resigns}
0-1

[Event "ICC tourney 1983 (45 10)"]
[Site "Internet Chess Club"]
[Date "2020.08.29"]
[Round "4"]
[White "Mapking1"]
[Black "OctopusYule"]
[Result "1-0"]
[ICCResult "Black resigns"]
[WhiteElo "1642"]
[BlackElo "1798"]
[Opening "Ruy Lopez: closed defense"]
[ECO "C84"]
[NIC "RL.13"]
[Time "18:31:40"]
[TimeControl "2700+10"]

1. e4 e5 2. Nf3 Nc6 3. Bb5 a6 4. Ba4 Nf6 5. O-O Be7 6. c3 b5 7. Bc2 O-O 8.
h3 Bb7 9. Re1 d5 10. exd5 Nxd5 11. Nxe5 Nxe5 12. Rxe5 Nf4 13. Be4 Bd6 14.
Bxb7 Bxe5 15. Bxa8 Qxa8 16. Qf1 Qe4 17. d4 Ne2+ 18. Kh1 Bd6 19. Nd2 Qe6 20.
Nf3 Nxc1 21. Qxc1 Qe2 22. Qd2 Qxd2 23. Nxd2 Re8 24. Nf3 Kf8 25. Re1 Rb8 26.
Ne5 Bxe5 27. Rxe5 f6 28. Rc5 Re8 29. Rxc7 Re1+ 30. Kh2 Ra1 31. Kg3 Rxa2 32.
b4 Rc2 33. f4 f5 34. h4 h6 35. h5 Kg8 36. Kh3 Kh7 37. g4 fxg4+ 38. Kxg4 Rg2+
39. Kf5 Kg8 40. d5 Rd2 41. Ke6 Re2+ 42. Kd6 g6 43. hxg6 h5 44. Kc6 Re3 45.
d6 Rxc3+ 46. Kb6 Rd3 47. d7 Rd6+ 48. Kc5 {Black resigns} 1-0

[Event "ICC tourney 1983 (45 10)"]
[Site "Internet Chess Club"]
[Date "2020.08.29"]
[Round "4"]
[White "PerpetualForce"]
[Black "Leolix"]
[Result "0-1"]
[ICCResult "White resigns"]
[WhiteElo "1595"]
[BlackElo "1948"]
[Opening "Réti opening"]
[ECO "A11"]
[NIC "RE.03"]
[Time "18:32:32"]
[TimeControl "2700+10"]

1. Nf3 d5 2. c4 c6 3. g3 Nf6 4. Bg2 g6 5. b3 Bg7 6. Bb2 O-O 7. O-O Bf5 8. d3
Nbd7 9. Nbd2 Re8 10. Nd4 Ng4 11. Nxf5 Bxb2 12. Rb1 Bf6 13. h3 Nge5 14. d4
gxf5 15. dxe5 Nxe5 16. cxd5 cxd5 17. Nf3 e6 18. Nxe5 Bxe5 19. f4 Bg7 20. Kh2
Rc8 21. Rc1 Qa5 22. Rc2 Rc3 23. Rxc3 Qxc3 24. Qc1 Rc8 25. Qa3 a6 26. Qe7 Qc7
27. Qb4 b5 28. Qa3 a5 29. b4 a4 30. Qd3 Qc4 31. Qd2 Bc3 32. Qe3 Bxb4 33. g4
fxg4 34. hxg4 Qc3 35. Qf2 Bd6 36. Kh1 b4 37. f5 Qg3 38. Qxg3 Bxg3 39. fxe6
fxe6 40. Rf6 b3 41. axb3 axb3 42. Rxe6 b2 43. Bxd5 b1=Q+ 44. Kg2 Kg7 45.
Kxg3 Qg1+ 46. Kf4 Qd4+ 47. Be4 Rf8+ {White resigns} 0-1

[Event "ICC tourney 1983 (45 10)"]
[Site "Internet Chess Club"]
[Date "2020.08.29"]
[Round "4"]
[White "ScoutViolet"]
[Black "fhunfi"]
[Result "1-0"]
[ICCResult "Black resigns"]
[WhiteElo "1632"]
[BlackElo "1738"]
[Opening "French: Winawer, classical variation"]
[ECO "C18"]
[NIC "FR.11"]
[Time "18:31:58"]
[TimeControl "2700+10"]

1. e4 e6 2. d4 d5 3. Nc3 Bb4 4. e5 c5 5. a3 Bxc3+ 6. bxc3 Qc7 7. Bd2 Ne7 8.
Qg4 O-O 9. Bd3 f5 10. exf6 Rxf6 11. Bg5 Rf7 12. Qh4 g6 13. Nf3 Nbc6 14. O-O
c4 15. Be2 Bd7 16. Bxe7 Rxe7 17. Ne5 Rf8 18. f4 Nxe5 19. Qxe7 Rf7 20. Qg5
Nc6 21. Bg4 Qa5 22. Rf3 Qb6 23. Re1 Qb2 24. Bxe6 Bxe6 25. Rxe6 Qxc2 26. Re8+
Kg7 27. Qxd5 Qc1+ 28. Kf2 Qxa3 29. Qxc4 a5 30. d5 Ne7 31. Qd4+ {Black
resigns} 1-0

[Event "ICC tourney 1983 (45 10)"]
[Site "Internet Chess Club"]
[Date "2020.08.29"]
[Round "4"]
[White "vishalanil"]
[Black "kavyameiyappan"]
[Result "0-1"]
[ICCResult "White resigns"]
[WhiteElo "1821"]
[BlackElo "1662"]
[Opening "Sicilian: Prins (Moscow) variation"]
[ECO "B55"]
[NIC "SI.01"]
[Time "18:31:37"]
[TimeControl "2700+10"]

1. e4 c5 2. Nf3 d6 3. d4 cxd4 4. Nxd4 Nf6 5. f3 a6 6. Nc3 e6 7. Be3 Be7 8.
Be2 O-O 9. Qd2 e5 10. Nb3 b5 11. O-O-O Bb7 12. g4 Nbd7 13. h4 b4 14. Nd5
Nxd5 15. exd5 a5 16. g5 a4 17. Na1 Qa5 18. Rdg1 Bxd5 19. h5 b3 20. Qd3 Rfc8
21. g6 a3 22. gxh7+ Kh8 23. Nxb3 axb2+ 24. Kd1 b1=Q+ 25. Bc1 Rc3 26. Qf5
Bxb3 27. axb3 Qd5+ 28. Bd3 Qxc2+ 29. Ke1 Qdxd3 {White resigns} 0-1

[Event "ICC tourney 1983 (45 10)"]
[Site "Internet Chess Club"]
[Date "2020.08.29"]
[Round "4"]
[White "Natey"]
[Black "che8642"]
[Result "1-0"]
[ICCResult "Black checkmated"]
[WhiteElo "1665"]
[BlackElo "1461"]
[Opening "Sicilian: Kan, 5.Nc3"]
[ECO "B43"]
[NIC "SI.41"]
[Time "18:31:48"]
[TimeControl "2700+10"]

1. e4 c5 2. Nf3 e6 3. d4 cxd4 4. Nxd4 a6 5. Nc3 b5 6. Bd3 Bb7 7. Be3 d6 8.
Qd2 Nf6 9. f3 Nbd7 10. O-O Be7 11. a3 Ne5 12. Be2 Rc8 13. f4 Nc4 14. Bxc4
Rxc4 15. Qd3 O-O 16. a4 Rb4 17. axb5 axb5 18. b3 Qd7 19. Na2 Bxe4 20. Qd2
Rxd4 21. Bxd4 Qc6 22. Nb4 Qc8 23. Ra7 Re8 24. Kh1 d5 25. Rfa1 Bxb4 26. Qxb4
Qxc2 27. R7a2 Qc6 28. Bc5 Rc8 29. Ra6 Qc7 30. Qxb5 Qxf4 31. Ra8 Qc7 32. Qa6
Ne8 33. Rxc8 Qd7 34. Rxe8+ Qxe8 35. Qa8 Qxa8 36. Rxa8# {Black checkmated}
1-0

[Event "ICC tourney 1983 (45 10)"]
[Site "Internet Chess Club"]
[Date "2020.08.29"]
[Round "4"]
[White "karuto2006"]
[Black "Ben1927829"]
[Result "0-1"]
[ICCResult "White checkmated"]
[WhiteElo "1771"]
[BlackElo "1923"]
[Opening "French: Fort Knox variation"]
[ECO "C03"]
[NIC "FR.07"]
[Time "18:31:42"]
[TimeControl "2700+10"]

1. e4 e6 2. d4 d5 3. Nd2 dxe4 4. Nxe4 Bd7 5. Nf3 Bc6 6. Bd3 Nd7 7. O-O Ngf6
8. Re1 Be7 9. b3 Nxe4 10. Bxe4 Bxe4 11. Rxe4 Nf6 12. Re1 O-O 13. Bb2 Rc8 14.
c4 c5 15. dxc5 Rxc5 16. Qxd8 Rxd8 17. Ba3 Rc7 18. Bxe7 Rxe7 19. Rad1 Red7
20. Rxd7 Rxd7 21. Kf1 Kf8 22. Ke2 Ke7 23. Ne5 Rd6 24. f3 Nd7 25. Nxd7 Rxd7
26. Ke3 f5 27. h4 e5 28. a3 Ke6 29. b4 Rd4 30. c5 Rxh4 31. Rd1 Rc4 32. Rd6+
Ke7 33. Rd5 Rc3+ 34. Kf2 Rxa3 35. Rxe5+ Kf6 36. Rd5 Rb3 37. Rd4 g5 38. f4
gxf4 39. Rxf4 h5 40. g3 Rc3 41. Rd4 Rb3 42. Rf4 Rd3 43. Rh4 Kg5 44. Rf4 Rd7
45. Rh4 Rc7 46. Rf4 a5 47. bxa5 Rxc5 48. Rb4 Rxa5 49. Rxb7 Ra2+ 50. Kf3 Ra3+
51. Kg2 h4 52. gxh4+ Kxh4 53. Rh7+ Kg4 54. Rg7+ Kf4 55. Kf2 Ra2+ 56. Kf1 Kf3
57. Kg1 f4 58. Re7 Ra1+ 59. Kh2 Kf2 60. Rb7 Re1 61. Rf7 f3 62. Ra7 Kf1 63.
Kh1 f2 64. Ra2 Rd1 65. Kh2 Ke1 66. Ra8 f1=Q 67. Re8+ Qe2+ 68. Rxe2+ Kxe2 69.
Kg3 Rf1 70. Kg4 Ke3 71. Kg5 Ke4 72. Kg6 Ke5 73. Kg7 Ke6 74. Kg8 Rf7 75. Kh8
Kf6 76. Kg8 Ra7 77. Kh8 Kg6 78. Kg8 Ra8# {White checkmated} 0-1

[Event "ICC tourney 1983 (45 10)"]
[Site "Internet Chess Club"]
[Date "2020.08.29"]
[Round "4"]
[White "TigerSahi"]
[Black "Zwish"]
[Result "1-0"]
[ICCResult "Black resigns"]
[WhiteElo "1635"]
[BlackElo "1933"]
[Opening "Benkö gambit: Zaitsev system"]
[ECO "A50"]
[NIC "BI.44"]
[Time "18:31:43"]
[TimeControl "2700+10"]

1. d4 Nf6 2. c4 a6 3. Nc3 c5 4. d5 b5 5. cxb5 axb5 6. Nxb5 e6 7. dxe6 fxe6
8. Bf4 Qa5+ 9. Nc3 Ne4 10. Qb3 Nc6 11. e3 Be7 12. Bd3 Nxc3 13. Qxc3 Qxc3+
14. bxc3 Ra3 15. Kd2 Bf6 16. Ne2 O-O 17. Bd6 Be7 18. Bxe7 Nxe7 19. f3 d5 20.
e4 Rd8 21. exd5 Nxd5 22. Kc2 c4 23. Be4 Ne3+ 24. Kb2 Ra6 25. Nd4 Rb6+ 26.
Kc1 Rbd6 27. f4 Rxd4 28. cxd4 Rxd4 29. Bf3 e5 30. fxe5 c3 31. Re1 Nc4 32. e6
Nb2 33. Re3 Bxe6 34. Rxe6 Rd3 35. Kc2 {Black resigns} 1-0

[Event "ICC tourney 1983 (45 10)"]
[Site "Internet Chess Club"]
[Date "2020.08.29"]
[Round "4"]
[White "gardemarin13"]
[Black "ybabji"]
[Result "0-1"]
[ICCResult "White resigns"]
[WhiteElo "1905"]
[BlackElo "1748"]
[Opening "Pirc defense"]
[ECO "B07"]
[NIC "PU.08"]
[Time "18:31:43"]
[TimeControl "2700+10"]

1. e4 d6 2. d4 Nf6 3. Nc3 e5 4. Bc4 exd4 5. Qxd4 Nc6 6. Qe3 Be6 7. Bxe6 fxe6
8. Bd2 Be7 9. O-O-O Qd7 10. Nge2 O-O 11. h3 Ne5 12. b3 b5 13. f4 Ng6 14. g4
b4 15. Na4 c5 16. f5 Ne5 17. Nf4 Qc6 18. Nxe6 Nxe4 19. Rhe1 Nxd2 20. Qxd2
Nf3 21. Qg2 Rf7 22. Re3 Nd4 23. Qxc6 Nxc6 24. Nb2 Nd4 25. Nc4 Nb5 26. Rf3
Rc8 27. c3 Rc6 28. cxb4 cxb4 29. Rd5 a6 30. Kd2 Nc3 31. Ra5 Bf6 32. Rd3 Re7
33. Ke3 d5 34. Raxd5 Nxd5+ 35. Rxd5 Ra7 36. g5 Be7 37. Ne5 Rc3+ 38. Ke4 Ra8
39. Rd7 Re8 40. h4 Rc2 41. Nxg7 Kxg7 42. f6+ Kf8 43. g6 Bxf6 44. Rf7+ Kg8
45. gxh7+ Kh8 46. Rxf6 Re2+ 47. Kf4 R2xe5 {White resigns} 0-1

[Event "ICC tourney 1983 (45 10)"]
[Site "Internet Chess Club"]
[Date "2020.08.29"]
[Round "4"]
[White "fascimate"]
[Black "MysteryHunter"]
[Result "0-1"]
[ICCResult "White resigns"]
[WhiteElo "1730"]
[BlackElo "1691"]
[Opening "Sicilian: Najdorf, Byrne (English) attack"]
[ECO "B90"]
[NIC "SI.14"]
[Time "18:31:44"]
[TimeControl "2700+10"]

1. e4 c5 2. Nf3 d6 3. d4 cxd4 4. Nxd4 Nf6 5. Nc3 a6 6. Be3 e5 7. Nb3 Be6 8.
f3 h5 9. Nd5 Bxd5 10. exd5 Nbd7 11. c4 Rc8 12. Qd2 b6 13. a4 Nc5 14. Bxc5
dxc5 15. a5 Rb8 16. Qe2 Bd6 17. Ra2 O-O 18. h4 g6 19. g4 Re8 20. Bg2 Qe7 21.
g5 Nd7 22. axb6 Rxb6 23. Nd2 Reb8 24. Ne4 Kg7 25. Kf2 R8b7 26. Rha1 Qf8 27.
Nc3 Qb8 28. Nd1 Ra7 29. Bh3 Qb7 30. Qc2 Ra8 31. Qa4 Nb8 32. Qc2 Ra7 33. Ra3
Qc7 34. Nc3 Rab7 35. R3a2 Rb4 36. Qe2 R7b6 37. Na4 Rb7 38. Qc2 Kg8 39. Re1
Kg7 40. f4 Kh7 41. Qc3 Rb3 42. Qc2 Rxh3 43. Kg2 Rxh4 44. Rh1 Rxh1 45. Kxh1
exf4 46. Ra3 Qe7 47. Qf2 Qxg5 48. Nxc5 Bxc5 49. Qxc5 Rxb2 50. Qg1 Qh4+
{White resigns}
0-1

[Event "ICC tourney 1983 (45 10)"]
[Site "Internet Chess Club"]
[Date "2020.08.29"]
[Round "4"]
[White "clair"]
[Black "CoastalJourney"]
[Result "1/2-1/2"]
[ICCResult "Game drawn because neither player has mating material"]
[WhiteElo "1709"]
[BlackElo "1517"]
[Opening "Queen's pawn: London system"]
[ECO "A45"]
[NIC "QP.07"]
[Time "18:31:51"]
[TimeControl "2700+10"]

1. d4 Nf6 2. Bf4 e6 3. e3 d5 4. Nf3 Bd6 5. Bg3 O-O 6. Bd3 b6 7. Nbd2 Bb7 8.
Ne5 c5 9. c3 Nc6 10. O-O Qc7 11. f4 Rfe8 12. Qf3 Rad8 13. Bh4 Be7 14. Bxf6
Bxf6 15. Qh5 g6 16. Qh3 Nxe5 17. fxe5 Bg7 18. Nf3 h6 19. Qg3 Qe7 20. Nh4 g5
21. Nf3 Kh8 22. h4 gxh4 23. Nxh4 Qg5 24. Qxg5 hxg5 25. Rxf7 gxh4 26. Rxb7
Ra8 27. Rf1 Rf8 28. Rxf8+ Bxf8 29. Rh7+ Kg8 30. Rxh4 Be7 31. Rh7 Bg5 32. Kf2
Rf8+ 33. Ke2 Rf7 34. Rxf7 Kxf7 35. e4 Bc1 36. b3 Bb2 37. dxc5 bxc5 38. exd5
exd5 39. c4 d4 40. Kf3 Bc1 41. Ke4 Ke6 42. g4 Be3 43. Bf1 a5 44. Bh3 Bg5 45.
a3 d3 46. Kxd3 Kxe5 47. Bf1 Bc1 48. a4 Kf4 49. Be2 Bb2 50. Bd1 Bd4 51. Be2
Bb2 52. Kc2 Bd4 53. Kd3 Bb2 54. Bd1 Bd4 55. b4 axb4 56. a5 Be5 57. a6 Bb8
58. g5 Kxg5 59. Ke4 Kf6 60. Kd5 Ke7 61. Kxc5 Ba7+ 62. Kxb4 Kd6 63. Bf3 Bc5+
64. Kb5 Ba7 65. Bb7 Bc5 66. Ka4 Ba7 67. Kb3 Bc5 68. Kc3 Ba7 69. Kd3 Ke5 70.
Kc3 Kd6 71. Kb4 Bc5+ 72. Kb5 Ba7 73. Bd5 Bc5 74. Bg8 Ba7 75. Kb4 Bc5+ 76.
Kc3 Ba7 77. Kd3 Ke5 78. Ke2 Ke4 79. Bd5+ Kd4 80. Kf3 Ke5 81. Kg4 Kd6 82. Kf5
Kc5 83. Ke6 Kb6 84. Bb7 Kc5 85. Bd5 Kb6 86. Kd6 Kxa6 87. c5 Bxc5+
{Game drawn because neither player has mating material}
1/2-1/2

[Event "ICC tourney 1983 (45 10)"]
[Site "Internet Chess Club"]
[Date "2020.08.29"]
[Round "4"]
[White "Almanac2050"]
[Black "chessmilano"]
[Result "1/2-1/2"]
[ICCResult "Game drawn by mutual agreement"]
[WhiteElo "1603"]
[BlackElo "1709"]
[Opening "French: Rubinstein variation"]
[ECO "C03"]
[NIC "FR.07"]
[Time "18:31:44"]
[TimeControl "2700+10"]

1. e4 e6 2. d4 d5 3. Nd2 dxe4 4. Nxe4 Nd7 5. Nf3 Ngf6 6. Nxf6+ Nxf6 7. Bd3
Bd6 8. O-O O-O 9. c3 b6 10. h3 Bb7 11. Qe2 c5 12. Be3 Qc7 13. Bg5 Nd5 14.
Qe4 g6 15. Qe2 Nf4 16. Bxf4 Bxf4 17. Be4 cxd4 18. cxd4 Rfd8 19. Rfe1 Rac8
20. Bxb7 Qxb7 21. Qe4 Qxe4 22. Rxe4 Bh6 23. Re2 Bg7 24. Rd2 Rd5 25. Rad1
Rcd8 26. Kf1 Kf8 27. Kg1 Ke7 28. Kf1 a5 29. b3 h6 30. Ke2 Rc8 31. Rd3 Kd6
32. Kd2 b5 33. Rc1 Rxc1 34. Kxc1 e5 35. dxe5+ Bxe5 36. Kd2 Bf4+ 37. Ke2 b4
38. Ne1 Kc5 39. Rxd5+ Kxd5 40. Kd3 Be5 41. Nc2 f5 42. Ne3+ Kc5 43. Nc4 Bc7
44. f3 h5 45. Ne3 h4 46. Nc4 Kd5 47. Ke3 a4 48. Kd3 axb3 49. axb3 Bd8 50.
Ke3 Bg5+ 51. Kd3 Bc1 52. Ne3+ Bxe3 53. Kxe3 g5 54. Kd3 Ke5 55. Ke3 f4+ 56.
Ke2 Kd4 57. Kd2 Ke5 58. Ke1 Kd5 59. Kd1 Kc5 60. Kc1
{Game drawn by mutual agreement}
1/2-1/2

[Event "ICC tourney 1983 (45 10)"]
[Site "Internet Chess Club"]
[Date "2020.08.29"]
[Round "4"]
[White "chessfirelord"]
[Black "swegderp"]
[Result "1-0"]
[ICCResult "Black resigns"]
[WhiteElo "1458"]
[BlackElo "1662"]
[Opening "QGD Slav"]
[ECO "D11"]
[NIC "SL.01"]
[Time "18:31:50"]
[TimeControl "2700+10"]

1. d4 d5 2. c4 c6 3. Nf3 Nf6 4. e3 e6 5. Nbd2 Bd6 6. Bd3 O-O 7. O-O Nbd7 8.
e4 dxe4 9. Nxe4 Nxe4 10. Bxe4 Nf6 11. Bc2 h6 12. b3 c5 13. Bb2 Re8 14. Re1
Be7 15. Qd3 cxd4 16. Bxd4 b6 17. Rad1 Bb7 18. Ne5 Bc5 19. Bxc5 bxc5 20. Qe3
Qc7 21. Rd2 Rad8 22. Red1 Rxd2 23. Rxd2 Rd8 24. Qxc5 Qxc5 25. Rxd8+ Qf8 26.
Rxf8+ Kxf8 27. f3 Ke7 28. Kf2 Ne8 29. Be4 Bxe4 30. fxe4 a6 31. b4 f6 32.
Nc6+ Kd6 33. Na5 Nc7 34. Ke3 Ke5 35. a4 f5 36. exf5 exf5 37. Nc6+ Kd6 38.
Nd4 g6 39. Kd3 a5 40. b5 Kc5 41. Nc6 Kb6 42. Ne7 Ne6 43. Nxg6 Nc5+ 44. Kd4
Nxa4 45. Ne7 f4 46. Nd5+ Kb7 47. Nxf4 Nb6 48. c5 Na4 49. c6+ Kc7 50. Nd5+
Kd6 51. c7 Kd7 52. b6 Kc8 53. Ne7+ {Black resigns} 1-0